[Event "Team 45 45 League T32"]
[Site "Internet Chess Club"]
[Date "2007.02.23"]
[Round "6"]
[White "DTK"]
[Black "BigNEazy"]
[Result "1-0"]
[WhiteElo "2196"]
[BlackElo "2185"]
[ECO "B12"]
[TimeControl "2700+45"]

1. e4 c6 2. d4 d5 3. e5 Bf5 4. g4 Bd7 5. c4 h5 6. g5 Bf5 7. Nc3 e6 8. Qb3 Qb6 9.
c5 Qc7 10. Nf3 h4 11. h3 Nd7 12. Bg2 Ne7 13. O-O Ng6 14. Ne2 f6 15. gxf6 gxf6
16. Nf4 fxe5 17. Nxg6 Bxg6 18. Nxe5 Nxe5 19. Bf4 Bg7 20. Rae1 O-O-O 21. Bxe5
Bxe5 22. Rxe5 Bf5 23. Kh1 Rdg8 24. Rg1 Rg6 25. Qf3 Rhg8 26. b4 Be4 27. Rxe4 dxe4
28. Qxe4 Qd7 29. a4 Qd5 30. Qxg6 Rxg6 31. Bxd5 Rxg1+ 32. Kxg1 cxd5 33. Kg2 b6
34. Kf3 a5 35. cxb6 axb4 36. Ke3 Kb7 37. a5 Ka6 38. Kd3 {Black resigns} 1-0

[Event "Team 45 45 League T32"]
[Site "Internet Chess Club"]
[Date "2007.02.24"]
[Round "6"]
[White "azbycx"]
[Black "DocHoliday"]
[Result "1-0"]
[WhiteElo "1994"]
[BlackElo "1985"]
[ECO "E12"]
[TimeControl "2700+45"]

1. d4 Nf6 2. c4 e6 3. Nf3 b6 4. a3 Bb7 5. Nc3 c5 6. Bg5 Be7 7. e3 d6 8. Bd3 h6
9. Bf4 Nh5 10. Bg3 Nxg3 11. hxg3 Nd7 12. d5 e5 13. e4 Nf6 14. Qd2 Bc8 15. Nh4
Ng4 16. Nf5 g6 17. Nxe7 Qxe7 18. f3 Nf6 19. Rxh6 Rxh6 20. Qxh6 Bd7 21. Qh8+
{Black resigns} 1-0

[Event "Team 45 45 League T32"]
[Site "Internet Chess Club"]
[Date "2007.02.24"]
[Round "6"]
[White "Legal"]
[Black "kostasgr"]
[Result "0-1"]
[WhiteElo "2024"]
[BlackElo "2180"]
[ECO "A48"]
[TimeControl "2700+45"]

1. d4 Nf6 2. Nf3 g6 3. Bf4 Bg7 4. c3 d5 5. e3 Bf5 6. h3 a5 7. Bd3 Nbd7 8. g4
Bxd3 9. Qxd3 c6 10. Nbd2 b5 11. O-O Nb6 12. Ne5 Qc8 13. Bg3 Nfd7 14. f4 f6 15.
Nxd7 Qxd7 16. f5 gxf5 17. Qxf5 Qxf5 18. gxf5 Bh6 19. Bf4 Rg8+ 20. Kh2 Bxf4+ 21.
Rxf4 Rg5 22. h4 Rg7 23. Rg1 Rxg1 24. Kxg1 Na4 25. h5 Kf7 26. e4 Rg8+ 27. Kh2 Rg5
28. Rh4 dxe4 29. Nxe4 Rxf5 30. h6 Nxb2 31. Kg2 Nc4 32. Rh3 Nd6 33. Nc5 Rg5+ 34.
Kf3 e5 35. dxe5 Rxe5 36. Nd7 Rd5 37. Rh4 Nf5 38. Rf4 Rxd7 39. Rxf5 Rd3+ 40. Kg4
Rxc3 41. a4 Rc4+ 42. Kh5 Rxa4 43. Rxf6+ Kg8 44. Rxc6 Rc4 45. Ra6 Rc5+ 46. Kg4 b4
47. Ra7 b3 48. Rg7+ Kh8 49. Rb7 Rc4+ 50. Kf3 Rb4 51. Ra7 Rb8 52. Rxa5 b2 {White
resigns} 0-1

[Event "Team 45 45 League T32"]
[Site "Internet Chess Club"]
[Date "2007.02.25"]
[Round "6"]
[White "Terte"]
[Black "steve"]
[Result "1/2-1/2"]
[WhiteElo "1988"]
[BlackElo "2021"]
[ECO "C55"]
[TimeControl "2700+45"]

1. e4 e5 2. Nf3 Nc6 3. Bc4 Nf6 4. d3 Be7 5. Nc3 d6 6. h3 Na5 7. Bb3 O-O 8. Be3
Nxb3 9. axb3 b6 10. d4 exd4 11. Nxd4 Bb7 12. f3 Nh5 13. Nf5 Bg5 14. Qd2 Bh4+ 15.
Nxh4 Qxh4+ 16. Bf2 Qf4 17. Qxf4 Nxf4 18. O-O d5 19. exd5 Nxd5 20. Nxd5 Bxd5 21.
Rfd1 Be6 22. b4 Rfe8 23. b3 Bf5 24. Rd2 h6 25. b5 Rec8 26. g4 Be6 27. c4 c6 28.
bxc6 Rxc6 29. Ra6 Bc8 {Game drawn by mutual agreement} 1/2-1/2

[Event "Team 45 45 League T32"]
[Site "Internet Chess Club"]
[Date "2007.02.23"]
[Round "6"]
[White "chsrules88"]
[Black "Avedldesierto"]
[Result "1-0"]
[WhiteElo "2105"]
[BlackElo "1752"]
[ECO "B12"]
[TimeControl "2700+45"]

1. e4 c6 2. d4 d5 3. e5 Bf5 4. Bd3 Bxd3 5. Qxd3 e6 6. Ne2 Be7 7. O-O Nd7 8. a4
Rc8 9. f4 Nh6 10. h3 O-O 11. g4 f6 12. f5 fxe5 13. Bxh6 gxh6 14. fxe6 Rxf1+ 15.
Kxf1 e4 16. Qd2 Qf8+ 17. Qf4 Qxf4+ 18. Nxf4 Rf8 19. exd7 Rxf4+ 20. Kg2 e3 21.
Nc3 Rxd4 22. Kf3 Bg5 23. h4 Bxh4 24. Ne2 Re4 25. g5 Bxg5 26. Rg1 Kf7 27. Rxg5
Ke7 28. Rg7+ Kd8 29. Rxh7 Re7 30. Rxe7 Kxe7 31. Kxe3 Kxd7 32. Kf4 Kd6 33. Kf5
Kc5 34. Kg6 Kb4 35. Kxh6 Kxa4 36. Kg5 Kb4 37. Kf6 a5 38. Ke5 Kc5 39. Nd4 b5 40.
Nb3+ Kb6 41. Kd6 a4 42. Nc5 b4 43. Nxa4+ Ka5 44. Nc5 Kb6 45. b3 Kb5 46. Nd7 d4
47. Ke5 c5 48. Kd5 c4 49. bxc4+ Ka5 50. Kxd4 Ka6 51. c5 Kb7 52. Ne5 Ka6 53. Kd5
{Black resigns} 1-0

[Event "Team 45 45 League T32"]
[Site "Internet Chess Club"]
[Date "2007.02.25"]
[Round "6"]
[White "HoHo"]
[Black "NESKAYA"]
[Result "1/2-1/2"]
[WhiteElo "1733"]
[BlackElo "1615"]
[ECO "B27"]
[TimeControl "2700+45"]

1. e4 c5 2. Nf3 g6 3. d4 Bg7 4. c3 d6 5. Be2 Nf6 6. Nbd2 cxd4 7. cxd4 O-O 8. O-O
Bg4 9. Qc2 Nbd7 10. h3 Bxf3 11. Nxf3 Rc8 12. Qd3 e5 13. dxe5 dxe5 14. Be3 Nc5
15. Qxd8 Rfxd8 16. Nxe5 Nfxe4 17. Bf4 Re8 18. Bb5 Rxe5 19. Bxe5 Bxe5 20. Rad1
Bxb2 21. Bd7 Nxd7 22. Rxd7 Nc5 23. Rd2 Bg7 24. Rc2 h5 25. Rfc1 b6 26. Rd1 Re8
27. Kf1 f5 28. f3 Kf7 29. Rcd2 Re6 30. Rd8 Bf6 31. R8d2 a5 32. Rb1 Na4 33. Rc2
Nc5 34. Rd1 Ke7 35. Rcd2 Bc3 36. Rd8 h4 37. Ra8 Kf6 38. f4 Ne4 39. Rdd8 Ng3+ 40.
Kf2 Bb4 41. Rh8 Bc5+ 42. Kf3 Re3+ 43. Kf2 Ra3+ 44. Ke1 Rxa2 45. Rac8 Be3 46.
Rhf8+ Kg7 47. Rg8+ Kh7 48. Rh8+ Kg7 49. Rhg8+ Kh7 50. Rh8+ Kg7 51. Rhg8+ {Game
drawn by repetition} 1/2-1/2

[Event "Team 45 45 League T32"]
[Site "Internet Chess Club"]
[Date "2007.02.24"]
[Round "6"]
[White "ogoon"]
[Black "quotha"]
[Result "0-1"]
[WhiteElo "1569"]
[BlackElo "1610"]
[ECO "C41"]
[TimeControl "2700+45"]

1. e4 e5 2. Nf3 d6 3. d4 exd4 4. Bc4 Be7 5. Qxd4 Nf6 6. Ng5 O-O 7. O-O Nc6 8.
Qe3 Ne5 9. Qb3 Nxc4 10. Qxc4 Nxe4 11. Qxe4 Bxg5 12. Bxg5 Qxg5 13. Nc3 c6 14. Kh1
d5 15. Qe2 Bf5 16. f4 Qg6 17. Rac1 d4 18. Na4 d3 19. Qf2 dxc2 20. Rxc2 Bxc2 21.
f5 Bxf5 22. Qxf5 Qxf5 23. Rxf5 Rfe8 24. h3 Rad8 25. Nc5 Rd5 26. Rxd5 cxd5 27.
Nxb7 Rb8 28. Nc5 Rxb2 29. a4 d4 30. a5 Rb5 31. Ne4 Rxa5 32. Kg1 Re5 33. Nd2 d3
34. Kf1 a5 35. Nc4 Rd5 36. Ke1 a4 37. Kd2 a3 38. Nxa3 Ra5 39. Nc4 Ra2+ 40. Kxd3
Rxg2 41. Ke4 Rg3 42. Kf5 Rxh3 43. Kg4 Rb3 44. Ne5 f6 45. Nd7 Rb4+ 46. Kf5 Rb5+
47. Kf4 Kf7 48. Ke4 Ke7 49. Nxf6 gxf6 50. Kf4 Kf7 51. Kg4 Kg6 52. Kh4 Rg5 53.
Kh3 f5 54. Kh2 f4 55. Kh1 f3 56. Kh2 f2 57. Kh1 f1=Q+ 58. Kh2 Qg2# {White
checkmated} 0-1

[Event "Team 45 45 League T32"]
[Site "Internet Chess Club"]
[Date "2007.02.24"]
[Round "6"]
[White "jacknor"]
[Black "MarcoDeSade"]
[Result "1-0"]
[WhiteElo "1607"]
[BlackElo "1529"]
[ECO "A10"]
[TimeControl "2700+45"]

1. c4 b6 2. Nc3 Bb7 3. Nf3 Nf6 4. g3 c5 5. Bg2 e6 6. O-O Be7 7. d4 cxd4 8. Nxd4
Bxg2 9. Kxg2 O-O 10. a3 Qc7 11. b3 Bc5 12. Bf4 Qb7+ 13. Nf3 Nc6 14. Bd6 Bxd6 15.
Qxd6 Ne8 16. Qd3 Ne5 17. Qe4 Qxe4 18. Nxe4 Nxf3 19. Kxf3 f5 20. Nc3 Nc7 21. Rad1
Rad8 22. Rd6 Rf7 23. Kf4 Re7 24. Ke5 Kf7 25. Rfd1 Ne8 26. R6d2 h6 27. Nb5 a6 28.
Nd6+ Nxd6 29. Rxd6 g5 30. Rxb6 Rc8 31. Rdd6 Rc5+ 32. Kd4 Ra5 33. a4 e5+ 34. Kc3
Re6 35. Rxd7+ Kf6 36. Rxe6+ Kxe6 37. Rh7 Kf6 38. Kb4 {Black resigns} 1-0

[Event "Team 45 45 League T32"]
[Site "Internet Chess Club"]
[Date "2007.02.23"]
[Round "6"]
[White "steinitz"]
[Black "alaskauk"]
[Result "0-1"]
[WhiteElo "1505"]
[BlackElo "1508"]
[ECO "D00"]
[TimeControl "2700+45"]

1. d4 d5 2. Bf4 Nf6 3. e3 g6 4. Nf3 Bg7 5. h3 c5 6. c3 O-O 7. Bd3 c4 8. Bc2 Nc6
9. O-O Nh5 10. Bh2 Re8 11. Nbd2 Bd7 12. b3 b5 13. e4 e6 14. e5 Bf8 15. g4 Ng7
16. Bf4 f6 17. Qe2 Be7 18. bxc4 bxc4 19. exf6 Bxf6 20. Ne5 Nxe5 21. Bxe5 Rf8 22.
f4 Rf7 23. Nf3 Qa5 24. Qe3 Ba4 25. Bxa4 Qxa4 26. Rfb1 Qd7 27. Kg2 Ne8 28. Rb5
Qxb5 {White resigns} 0-1

[Event "Team 45 45 League T32"]
[Site "Internet Chess Club"]
[Date "2007.02.25"]
[Round "6"]
[White "pokerram"]
[Black "Izeelden"]
[Result "1-0"]
[WhiteElo "1755"]
[BlackElo "1734"]
[ECO "B06"]
[TimeControl "2700+45"]

1. e4 g6 2. d4 Bg7 3. Nc3 c6 4. Be3 Qb6 5. Na4 Qa5+ 6. c3 b5 7. Nc5 d6 8. Nd3
Nf6 9. f3 O-O 10. a4 Ba6 11. axb5 Qxb5 12. Qe2 Qb7 13. Qd2 Nbd7 14. Be2 Nb6 15.
b3 Bxd3 16. Bxd3 Nbd7 17. Ne2 Qxb3 18. Rb1 Qe6 19. Nf4 Nxe4 20. Bxe4 Qc4 21. Bd3
Qa4 22. O-O Qa5 23. Ra1 Qc7 24. Nh3 e5 25. Nf2 f5 26. Bh6 d5 27. Bxg7 Kxg7 28.
dxe5 Nxe5 29. Be2 Kg8 30. Qd4 a5 31. f4 Nd7 32. Nd3 Rfe8 33. Bf3 Nb6 34. Ne5 a4
35. Rfb1 Reb8 36. Qc5 g5 37. Qxc6 Qxc6 38. Nxc6 Rb7 39. Bxd5+ Nxd5 40. Rxb7 Nxf4
41. Rb8+ Rxb8 42. Nxb8 Ne2+ 43. Kf2 Nxc3 44. Nc6 Kf7 45. Nd4 Kf6 46. Ra3 Ne4+
47. Ke2 Ke5 48. Nf3+ Kd5 49. Nd2 Nc5 50. Rh3 h6 51. Rxh6 Kd4 52. Rh3 f4 53. Nf3+
Kc3 54. Nxg5+ Kb2 55. Rh8 a3 56. Ra8 Kb3 57. Rxa3+ Kxa3 58. h4 Nd7 59. h5 Nf6
60. h6 Kb4 61. h7 Nxh7 62. Nxh7 Kc4 63. Kf3 Kd5 64. Kxf4 Ke6 65. Kg5 Kf7 66. g4
Kg7 67. Nf6 Kf7 68. Nh5 Kg8 69. Kg6 Kh8 70. g5 Kg8 71. Nf4 Kh8 72. Kf7 Kh7 73.
g6+ Kh8 74. g7+ Kh7 75. g8=Q+ Kh6 76. Qg6# {Black checkmated} 1-0

[Event "Team 45 45 League T32"]
[Site "Internet Chess Club"]
[Date "2007.02.24"]
[Round "6"]
[White "Jozin"]
[Black "nanning"]
[Result "1/2-1/2"]
[WhiteElo "1558"]
[BlackElo "1480"]
[ECO "B25"]
[TimeControl "2700+45"]

1. e4 c5 2. Nc3 Nc6 3. g3 g6 4. Bg2 Bg7 5. d3 d6 6. Nge2 e6 7. Be3 Nge7 8. Qd2
O-O 9. O-O Rb8 10. a3 Bd7 11. Rab1 b5 12. Na2 a5 13. Bh6 b4 14. Bxg7 Kxg7 15. c4
e5 16. a4 Qc8 17. b3 Bg4 18. f3 Bh3 19. Rbe1 h5 20. Nac1 Rh8 21. Kf2 h4 22. Rh1
Bxg2 23. Kxg2 h3+ 24. Kf2 f5 25. Rhf1 Qd7 26. Ng1 Nd4 27. Qb2 Rbf8 28. Ke3 f4+
29. gxf4 Rxf4 30. Nce2 Rf6 31. Nxd4 cxd4+ 32. Kd2 Rhf8 33. Kc1 g5 34. Qd2 Kh6
35. Rf2 Ng6 36. Ref1 Nh4 37. Kd1 Ng2 38. Nxh3 Qxh3 39. Rxg2 Qh5 40. Rg3 Rxf3 41.
Rfxf3 Rxf3 42. Rxf3 Qxf3+ 43. Qe2 {Game drawn by mutual agreement} 1/2-1/2

[Event "Team 45 45 League T32"]
[Site "Internet Chess Club"]
[Date "2007.02.25"]
[Round "6"]
[White "Lionskins"]
[Black "chicopee-ed"]
[Result "1-0"]
[WhiteElo "1530"]
[BlackElo "1507"]
[ECO "A00"]
[TimeControl "2700+45"]

1. b4 e5 2. Bb2 Bxb4 3. Bxe5 Nf6 4. a3 Be7 5. e3 Nc6 6. Bb2 O-O 7. c4 d6 8. Nc3
Re8 9. h3 d5 10. cxd5 Nxd5 11. Ne4 Bf6 12. Nxf6+ Nxf6 13. Nf3 Bf5 14. Qb3 Ne5
15. Nxe5 Be6 16. Qc2 Qd5 17. Rg1 Rad8 18. Bc4 Qd6 19. Bd3 a6 20. g4 Bxg4 21.
hxg4 Rxe5 22. Bxe5 Qxe5 23. Rb1 Qh2 24. Ke2 Nxg4 25. Rxg4 Qh5 26. Rg1 g6 27. Ke1
b5 28. Be2 Qe5 29. d4 Qd6 30. Qc5 Qe6 31. Qxc7 Rc8 32. Qa5 Qa2 33. Qxa6 Qa1+ 34.
Bd1 Rc1 35. Ke2 Qa2+ 36. Kf3 Qd5+ 37. Kg3 Rc6 38. Qa8+ Kg7 39. Bf3 Qd6+ 40. Kg2
Rc2 41. Rh1 Qe6 42. Qe4 Qa2 43. Rf1 Rc8 44. Qe5+ Kg8 45. Qxb5 Qxa3 46. Qb7 Qc3
47. Bd5 Rc7 48. Qb8+ Kg7 49. Rf4 Qc2 50. Qe8 {Black resigns} 1-0

[Event "Team 45 45 League T32"]
[Site "Internet Chess Club"]
[Date "2007.02.23"]
[Round "6"]
[White "MikeMike"]
[Black "forketta"]
[Result "0-1"]
[WhiteElo "1940"]
[BlackElo "1958"]
[ECO "B90"]
[TimeControl "2700+45"]

1. e4 c5 2. Ne2 d6 3. d4 cxd4 4. Nxd4 Nf6 5. Nc3 a6 6. Rg1 e6 7. g4 d5 8. Bg5
Be7 9. e5 Nfd7 10. Bxe7 Qxe7 11. Qe2 Qg5 12. Nf3 Qf4 13. Qd2 Qxf3 14. Rg3 Nxe5
15. Bg2 Qf6 16. g5 Qe7 17. O-O-O Nbc6 18. Bxd5 exd5 19. Nxd5 Qd8 20. f4 Be6 21.
fxe5 Qxd5 22. Qxd5 Bxd5 23. Rxd5 Rd8 24. Rc5 O-O 25. Rb3 Rd7 26. Re3 Rfd8 27. b3
Nd4 28. h4 Ne6 29. Rc4 g6 30. a4 Rd4 31. Rxd4 Rxd4 32. Rc3 Rxh4 33. Rc8+ Kg7 34.
c3 Rh3 35. Kd2 Nxg5 36. Rb8 Ne4+ {White resigns} 0-1

[Event "Team 45 45 League T32"]
[Site "Internet Chess Club"]
[Date "2007.02.22"]
[Round "6"]
[White "Phosphorus"]
[Black "NotSoGreat"]
[Result "0-1"]
[WhiteElo "2110"]
[BlackElo "2334"]
[ECO "B77"]
[TimeControl "2700+45"]

1. e4 c5 2. Nf3 d6 3. d4 cxd4 4. Nxd4 Nf6 5. Nc3 g6 6. f3 Bg7 7. Be3 Nc6 8. Qd2
O-O 9. Bc4 Bd7 10. h4 h5 11. O-O-O Rc8 12. Bb3 Ne5 13. Kb1 Re8 14. g4 hxg4 15.
h5 Nxh5 16. Bh6 e6 17. Rdg1 Qf6 18. fxg4 Bxh6 19. Qxh6 Qg7 20. Qxg7+ Nxg7 21.
Ncb5 Bxb5 22. Nxb5 Red8 23. Nxa7 Rc5 24. a4 Ne8 25. Nb5 Nf6 26. Rd1 Rc6 27. g5
Nxe4 28. Rhe1 Nf2 29. Rxd6 Rdxd6 30. Nxd6 Nf3 31. Re2 Rxd6 32. Rxf2 Nxg5 33. Kc1
Ne4 34. Re2 f5 35. c4 Rc6 36. Kc2 Kf7 37. Kd3 Nc5+ 38. Kc3 g5 39. Bc2 Kf6 40. b4
Nd7 41. b5 Rc8 42. a5 g4 43. Kb4 Nc5 44. Rd2 g3 45. Bd1 e5 46. Bf3 e4 47. Bg2 f4
48. Rd6+ Ke7 49. Rg6 e3 50. Bf3 Nd3+ 51. Kc3 Ne5 52. Rg7+ Kf6 53. Rxb7 {White
resigns} 0-1

[Event "Team 45 45 League T32"]
[Site "Internet Chess Club"]
[Date "2007.02.25"]
[Round "6"]
[White "KingWhacker"]
[Black "jayes"]
[Result "1/2-1/2"]
[WhiteElo "1941"]
[BlackElo "1949"]
[ECO "A68"]
[TimeControl "2700+45"]

1. d4 Nf6 2. c4 g6 3. Nc3 Bg7 4. e4 d6 5. f4 O-O 6. Nf3 c5 7. d5 e6 8. Be2 exd5
9. cxd5 Bg4 10. O-O Nbd7 11. Re1 Re8 12. h3 Bxf3 13. Bxf3 a6 14. a4 c4 15. Be3
Qa5 16. Kh1 Nc5 17. Bxc5 Qxc5 18. e5 dxe5 19. fxe5 Nd7 20. Ne4 Qb4 21. e6 fxe6
22. Bg4 Ne5 23. Bxe6+ Kh8 24. Ng5 Rad8 25. Qc2 Rf8 26. Re4 Qe7 27. h4 b5 28.
Rae1 Nd3 29. R1e2 Rf1+ 30. Kh2 Qc7+ 31. g3 Rdf8 32. Nf7+ R8xf7 33. Bxf7 Rxf7 34.
Re8+ Bf8 35. Qc3+ Kg8 36. axb5 axb5 37. Qd4 Qd7 38. d6 Rf2+ 39. Rxf2 Nxf2 40.
Rxf8+ Kxf8 41. Qxf2+ Qf5 42. Qd2 Ke8 43. Qe3+ Kd7 44. Qe7+ Kc6 45. Qc7+ Kd5 46.
d7 Qf2+ 47. Kh1 Qf1+ 48. Kh2 Qf2+ 49. Kh3 Qf1+ 50. Kh2 Qf2+ 51. Kh1 Qf1+ 52. Kh2
Qf2+ 53. Kh3 Qf1+ 54. Kh2 Qf2+ {Game drawn by repetition} 1/2-1/2

[Event "Team 45 45 League T32"]
[Site "Internet Chess Club"]
[Date "2007.02.25"]
[Round "6"]
[White "martineden"]
[Black "The-Rookie"]
[Result "1-0"]
[WhiteElo "1983"]
[BlackElo "1920"]
[ECO "D74"]
[TimeControl "2700+45"]

1. d4 Nf6 2. c4 g6 3. Nf3 Bg7 4. g3 O-O 5. Bg2 d5 6. cxd5 Nxd5 7. e4 Nb6 8. Nc3
Bg4 9. O-O Nc6 10. d5 Ne5 11. Bf4 Nxf3+ 12. Bxf3 Bxf3 13. Qxf3 Rc8 14. Rfd1 Qe8
15. Rac1 Na4 16. Nxa4 Qxa4 17. b3 Qxa2 18. Bxc7 Qa6 19. e5 Qb5 20. Qe3 Qd7 21.
d6 Rfe8 22. Qxa7 Bxe5 23. dxe7 Qxe7 24. Bxe5 Rxc1 25. Rxc1 Qxe5 26. Qxb7 Qb2 27.
Rc8 Rxc8 28. Qxc8+ Kg7 29. Qb7 h5 30. h4 g5 31. hxg5 Qc1+ 32. Kh2 Qxg5 33. Qf3
f6 34. Kh3 Kf7 35. Qf4 Qa5 36. Qc4+ Ke7 37. b4 Qf5+ 38. Kg2 Kd7 39. b5 Qe5 40.
b6 Qd6 41. Qc7+ Qxc7 42. bxc7 Kxc7 43. Kh3 Kd6 44. Kh4 Ke5 45. Kxh5 Kf5 46. f3
Ke5 47. Kg4 Ke6 48. Kf4 Kf7 49. Kf5 Kg7 50. g4 Kf7 51. f4 Kg7 52. g5 Kf7 53.
gxf6 Kf8 54. Kg6 Kg8 55. f7+ {Black resigns} 1-0

[Event "Team 45 45 League T32"]
[Site "Internet Chess Club"]
[Date "2007.03.02"]
[Round "6"]
[White "TheObliterator"]
[Black "JohnnySP"]
[Result "0-1"]
[WhiteElo "1628"]
[BlackElo "1897"]
[ECO "C79"]
[TimeControl "2700+45"]

1. e4 e5 2. Nf3 Nc6 3. Bb5 a6 4. Ba4 Nf6 5. O-O d6 6. Re1 Be7 7. c3 O-O 8. h3 b5
9. Bc2 Bb7 10. d4 Re8 11. Nbd2 exd4 12. cxd4 Bf8 13. e5 Nd5 14. Nf1 dxe5 15.
dxe5 Ndb4 16. Bxh7+ Kh8 17. Be4 Qxd1 18. Rxd1 Nd8 19. Bxb7 Nxb7 20. Rd7 Rac8 21.
Rxf7 Nc5 22. Bd2 Ncd3 23. Bxb4 Bxb4 24. Rd1 Nxe5 25. Nxe5 Rxe5 26. Rdd7 Bf8 27.
Rxc7 Rxc7 28. Rxc7 Re2 29. Rc8 Kg8 30. Ra8 Rxb2 31. Rxa6 Bc5 32. Rc6 Bxf2+ 33.
Kh2 Rxa2 34. Ng3 b4 35. Ne4 Bd4 36. Rc4 Be5+ 37. Kg1 b3 38. Rb4 b2 39. Nd2 Bc3
40. Rb8+ Kh7 41. Nf3 Ra1+ 42. Kf2 b1=Q 43. Rxb1 Rxb1 44. Kg3 Kg6 {White resigns}
0-1

[Event "Team 45 45 League T32"]
[Site "Internet Chess Club"]
[Date "2007.02.25"]
[Round "6"]
[White "SeanT"]
[Black "juanhernandez"]
[Result "0-1"]
[WhiteElo "1408"]
[BlackElo "1505"]
[ECO "C68"]
[TimeControl "2700+45"]

1. e4 e5 2. Nf3 Nc6 3. Bb5 a6 4. Bc4 Bc5 5. d3 Nf6 6. O-O O-O 7. Bg5 b5 8. Bd5
Bb7 9. Bxc6 Bxc6 10. Nxe5 Bb7 11. Ng4 Be7 12. Nxf6+ Bxf6 13. Bc1 Re8 14. Nd2 d5
15. Re1 dxe4 16. dxe4 Bxe4 17. Nxe4 Qxd1 18. Rxd1 Rxe4 19. c3 Rae8 20. Be3 h6
21. Rd5 Bg5 22. Re1 Bxe3 23. fxe3 Rxe3 24. Rxe3 Rxe3 25. Rc5 Re7 26. Kf2 Kf8 27.
b4 Rd7 28. Ke2 Ke8 29. Rc6 Re7+ 30. Kf3 a5 31. bxa5 Kd8 32. Rc5 Rd7 33. Ke3 Re7+
34. Kd3 Rd7+ 35. Ke3 Re7+ 36. Kd4 Rd7+ 37. Rd5 c6 38. Rxd7+ Kxd7 39. Kc5 Kc7 40.
a3 g6 41. a6 f5 42. a7 Kb7 43. a8=Q+ Kxa8 44. Kxc6 Ka7 45. Kxb5 Kb7 46. c4 g5
47. c5 f4 48. c6+ Kc7 49. a4 g4 50. a5 f3 51. gxf3 gxf3 52. a6 Kb8 53. a7+ Kxa7
54. c7 Kb7 {White resigns} 0-1

[Event "Team 45 45 League T32"]
[Site "Internet Chess Club"]
[Date "2007.02.24"]
[Round "6"]
[White "slakkjaw"]
[Black "BarryNL"]
[Result "0-1"]
[WhiteElo "1225"]
[BlackElo "1462"]
[ECO "B08"]
[TimeControl "2700+45"]

1. e4 d6 2. Nf3 Nf6 3. Nc3 g6 4. d4 Bg7 5. h3 O-O 6. Bd3 b6 7. Be3 c5 8. d5 e6
9. Qd2 exd5 10. Nxd5 Nxd5 11. Bh6 Nf6 12. Bxg7 Kxg7 13. O-O-O Bb7 14. Rde1 Re8
15. e5 dxe5 16. Nxe5 Bxg2 17. Rhg1 Bxh3 18. Rh1 Be6 19. Qh6+ Kg8 20. Reg1 Bd5
21. Rh2 Rxe5 22. Bxg6 fxg6 23. Rxg6+ Kf7 24. Qg7+ Ke6 25. b3 hxg6 26. Rh6 Qe7
27. Qxg6 Nd7 28. Qg4+ Kd6 29. c4 Kc7 30. Qf4 Bc6 {White resigns} 0-1

[Event "Team 45 45 League T32"]
[Site "Internet Chess Club"]
[Date "2007.02.25"]
[Round "6"]
[White "thalamus"]
[Black "hotzoddy"]
[Result "1-0"]
[WhiteElo "1281"]
[BlackElo "1273"]
[ECO "C10"]
[TimeControl "2700+45"]

1. e4 e6 2. d4 d5 3. Nc3 c5 4. exd5 cxd4 5. Bb5+ Bd7 6. Qxd4 Qe7 7. Be3 a6 8.
Bxd7+ Nxd7 9. O-O-O e5 10. Qd2 Qf6 11. Ne4 Qf5 12. f3 Ngf6 13. Nxf6+ Qxf6 14. d6
g6 15. Nh3 Bg7 16. Ng5 O-O 17. Ne4 Qd8 18. Bg5 f6 19. Bh4 b5 20. Bf2 a5 21. Qd5+
Kh8 22. Qxb5 Bh6+ 23. Kb1 Rb8 24. Qd5 f5 25. Nc3 Bg7 26. Na4 Nf6 27. Qd2 e4 28.
Rhe1 Re8 29. d7 Re7 30. Nc5 Nxd7 31. Na4 Qc7 32. Bg3 Be5 33. Bxe5+ Rxe5 34. Qxd7
Qxd7 35. Rxd7 Reb5 36. Red1 exf3 37. Rd8+ Rxd8 38. Rxd8+ Kg7 39. gxf3 Re5 40. b3
h5 41. Rd1 Re2 42. Rh1 Rf2 43. c4 Rxf3 44. c5 Rd3 45. Rc1 Rd8 46. c6 Rc8 47. c7
f4 48. Nb6 Rxc7 49. Rxc7+ Kf6 50. Nd5+ Ke5 51. Rf7 Kxd5 52. Rxf4 Ke5 53. Ra4 Kf5
54. Rxa5+ Kg4 55. Rc5 g5 56. Rc3 Kf4 57. b4 h4 58. b5 g4 59. b6 g3 60. hxg3+
hxg3 61. Rxg3 Kxg3 62. b7 {Black resigns} 1-0

[Event "Team 45 45 League T32"]
[Site "Internet Chess Club"]
[Date "2007.02.25"]
[Round "6"]
[White "Just-Jim"]
[Black "klt713"]
[Result "1-0"]
[WhiteElo "1474"]
[BlackElo "1269"]
[ECO "A00"]
[TimeControl "2700+45"]

1. e3 e5 2. e4 Nf6 3. Nc3 Nc6 4. Bc4 Bb4 5. Nge2 d6 6. h3 O-O 7. O-O a6 8. a3
Bc5 9. d3 Be6 10. Ba2 b5 11. Kh1 Ne7 12. Bg5 Nc6 13. f4 exf4 14. Nxf4 Bxa2 15.
Rxa2 Qe8 16. Bxf6 gxf6 17. Qg4+ Kh8 18. Nh5 Rg8 19. Qf5 Rg6 20. Nxf6 Rxf6 21.
Qxf6+ Kg8 22. Nd5 Rc8 23. Qh6 Bd4 24. Rf5 Ne7 25. Rg5+ Ng6 26. Rh5 Qe6 27. c3
Be5 28. Ra1 c6 29. Qxh7+ Kf8 30. Ne3 Ke7 31. Nf5+ Kd7 32. Rf1 Rf8 33. Nh6 c5 34.
Nxf7 Rxf7 35. Rxf7+ Ne7 36. Rh6 Qa2 37. Rxe7+ Kc6 38. Rxe5 Qxb2 39. Qf5 Qc1+ 40.
Kh2 Qxh6 41. Qc8+ Kb6 42. Qb8+ Ka5 43. Qc7+ Ka4 44. Rf5 Qe6 45. Qb6 a5 46. Rxc5
dxc5 47. Qxe6 {Black resigns} 1-0

[Event "Team 45 45 League T32"]
[Site "Internet Chess Club"]
[Date "2007.02.23"]
[Round "6"]
[White "Fogbound"]
[Black "dcuprill"]
[Result "1-0"]
[WhiteElo "1436"]
[BlackElo "1187"]
[ECO "D02"]
[TimeControl "2700+45"]

1. d4 d5 2. Nf3 c6 3. Bg5 Nf6 4. e3 Nbd7 5. Bd3 e6 6. Nbd2 Be7 7. Ne5 Nxe5 8.
dxe5 Nd7 9. Bf4 Bg5 10. O-O Bxf4 11. exf4 Qh4 12. Nf3 Qxf4 13. Re1 Nc5 14. Be2
Nd7 15. Bf1 Nxe5 16. Nxe5 O-O 17. Nd3 Qg5 18. Ne5 f6 19. Nf3 Qg6 20. Bd3 Qg4 21.
h3 Qf4 22. Nh2 e5 23. Qf3 Qxf3 24. gxf3 Bxh3 25. Bf1 Bf5 26. c3 e4 27. Bg2 exf3
28. Bxf3 Bh3 29. Re3 Bf5 30. Rae1 g6 31. Re7 Rab8 32. b3 Bd3 33. Ng4 Rf7 34.
Nh6+ {Black resigns} 1-0

[Event "Team 45 45 League T32"]
[Site "Internet Chess Club"]
[Date "2007.02.23"]
[Round "6"]
[White "peterts"]
[Black "ffplayer"]
[Result "1-0"]
[WhiteElo "1018"]
[BlackElo "1110"]
[ECO "C65"]
[TimeControl "2700+45"]

1. e4 e5 2. Nf3 Nc6 3. Bb5 Nf6 4. d3 a6 5. Ba4 b5 6. Bb3 Bb4+ 7. c3 Be7 8. O-O
O-O 9. Nbd2 d6 10. Qe2 Bg4 11. Re1 Nb8 12. Nf1 Nh5 13. h3 Nf4 14. Bxf4 Bxf3 15.
Qxf3 exf4 16. Qxf4 Nd7 17. Ng3 Ne5 18. Nf5 Nxd3 19. Qg3 Bf6 20. Qxd3 Re8 21. Qg3
Be5 22. Nh6+ Kf8 23. Nxf7 Bxg3 24. Nxd8 Bxf2+ 25. Kxf2 Raxd8 26. Ke2 Rxe4+ 27.
Kd3 Rxe1 28. Rxe1 Re8 29. Rf1+ Ke7 30. Rf7+ Kd8 31. Rxg7 Re7 32. Rg8+ Kd7 33.
Ra8 Rg7 34. g4 Re7 35. Rxa6 Re5 36. c4 b4 37. Ba4+ Ke7 38. Ra7 Rc5 39. Kd4 Ke6
40. Ra8 Kf6 41. Re8 Kf7 42. Re2 Ra5 43. Be8+ Kf6 44. Rf2+ Kg5 45. Rf7 Rxa2 46.
Rg7+ Kf6 47. Rxc7 Rxb2 48. Rxh7 Rd2+ 49. Ke3 Rc2 50. Rh6+ Ke5 51. Bg6 Rc3+ 52.
Kd2 Kd4 53. Bf5 b3 54. g5 b2 55. g6 b1=Q 56. Bxb1 Rxc4 57. Rh4+ Kc5 58. Rxc4+
Kxc4 59. g7 {Black resigns} 1-0

[Event "Team 45 45 League T32"]
[Site "Internet Chess Club"]
[Date "2007.02.26"]
[Round "6"]
[White "Ernie1"]
[Black "Budzo"]
[Result "0-1"]
[WhiteElo "1630"]
[BlackElo "1769"]
[ECO "A00"]
[TimeControl "2700+45"]

1. c3 c5 2. d4 cxd4 3. cxd4 d5 4. Nf3 Nc6 5. Bf4 Nf6 6. e3 Bf5 7. Bd3 Bxd3 8.
Qxd3 e6 9. Nbd2 Bd6 10. Bg5 Be7 11. a3 Nd7 12. Bxe7 Qxe7 13. O-O O-O 14. Rfe1
Rac8 15. e4 dxe4 16. Rxe4 Nf6 17. Rh4 h6 18. g4 Nh7 19. Ne4 Rfd8 20. Qe3 Nxd4
21. g5 Nxf3+ 22. Qxf3 Nxg5 23. Nxg5 Qxg5+ 24. Rg4 Qb5 25. Qf6 g6 26. h4 Qf5
{White resigns} 0-1

[Event "Team 45 45 League T32"]
[Site "Internet Chess Club"]
[Date "2007.02.25"]
[Round "6"]
[White "Kinglord"]
[Black "Warpdrive"]
[Result "0-1"]
[WhiteElo "1638"]
[BlackElo "1700"]
[ECO "B02"]
[TimeControl "2700+45"]

1. e4 Nf6 2. e5 Nd5 3. c4 Nb6 4. c5 Nd5 5. Bc4 c6 6. d4 d6 7. cxd6 exd6 8. Nf3
Bg4 9. O-O Be7 10. Qb3 b6 11. Bxd5 cxd5 12. Qxd5 Bxf3 13. Qxf3 Nd7 14. Bf4 dxe5
15. dxe5 O-O 16. Rd1 Qc8 17. Nc3 Nc5 18. Nd5 Bd8 19. Qg3 Ne6 20. Be3 Qc2 21. Rd2
Qg6 22. Qxg6 fxg6 23. Rc1 Rf5 24. f4 g5 25. g3 gxf4 26. gxf4 g5 27. Rg2 Kf7 28.
Rf2 gxf4 29. Nxf4 Bg5 30. Rff1 Bxf4 31. Bxf4 Rxf4 32. Rxf4+ Nxf4 33. Rf1 Rg8+
34. Kh1 Rg4 35. h3 Rh4 36. Kh2 Rxh3+ 37. Kg1 Rh4 38. Rf3 Ke6 39. Re3 Rh5 40. Re4
Nd5 41. Kf2 Rxe5 42. Rh4 h5 43. a3 Kf6 44. Rf4+ Nxf4 {White resigns} 0-1